Map: Heavy Artillery LE

Players

BeerAndVodka

  • Race: Protoss Protoss
  • League: Silver
  • Spawn Location: 3:00

IAmFoggy

  • Race: Zerg Zerg
  • Spawn Location: 1:00

qqq - Winner!

  • Race: Zerg Zerg
  • Spawn Location: 7:00

Massa - Winner!

  • Race: Terran Terran
  • Spawn Location: 7:00

VOD

Have the link to the VOD?

Description

Time

  • Played on: Oct. 1, 2020, 4:19 p.m.
  • Length: 14:13
Show
View Real Time Build Order
Export as new Build Order

BeerAndVodka Protoss 

Build Orders:  

Get SALT Encoding   

  12  0:00  Probe (Chrono Boost)  
  13  0:10  Probe (Chrono Boost)  
  14  0:25  Pylon  
  14  0:28  Probe  
  15  0:40  Assimilator  
  15  0:43  Probe  
  16  0:54  Forge  
  16  0:55  Probe  
  17  1:07  Probe (Chrono Boost)  
  17  1:08  Pylon  
  18  1:13  Gateway  
  19  1:19  Probe (Chrono Boost)  
  19  1:27  Photon Cannon  
  19  1:36  Probe  
  20  1:43  Gateway  
  20  2:00  Cybernetics Core  
  20  2:03  Zealot  
  22  2:24  Nexus  
  22  2:29  Pylon  
  22  2:33  Warp Gate  
  22  2:40  Assimilator  
  22  2:49  Stalker  
  24  2:53  Stalker  
  26  3:17  Pylon  
  26  3:19  Stalker  
  28  3:23  Stalker  
  30  3:35  Probe (Chrono Boost)  
  31  3:45  Photon Cannon  
  31  3:46  Probe (Chrono Boost)  
  33  3:50  Probe (Chrono Boost)  
  33  3:55  Shield Battery  
  34  3:56  Probe (Chrono Boost)  
  34  3:57  Probe (Chrono Boost)  
  34  4:02  Probe (Chrono Boost)  
  36  4:12  Pylon  
  36  4:14  Probe (Chrono Boost)  
  36  4:15  Stargate  
  37  4:26  Probe (Chrono Boost), Zealot  
  40  4:33  Probe (Chrono Boost)  
  40  4:35  Stalker  
  43  4:40  Probe (Chrono Boost)  
  43  4:41  Photon Cannon  
  44  4:51  Probe (Chrono Boost)  
  45  4:55  Twilight Council  
  45  4:56  Probe (Chrono Boost)  
  45  4:57  Stargate  
  46  5:07  Probe  
  47  5:08  Assimilator  
  47  5:12  Shield Battery  
  47  5:19  Probe  
  48  5:28  Shield Battery  
  48  5:29  Shield Battery  
  48  5:30  Pylon  
  48  5:31  Probe  
  48  5:35  Assimilator  
  49  5:41  Charge  
  49  5:43  Probe (Chrono Boost)  
  49  5:46  Stalker  
  49  5:47  Stalker  
  54  5:52  Probe (Chrono Boost)  
  55  5:57  Probe (Chrono Boost)  
  55  6:01  Phoenix x2  
  60  6:09  Probe  
  61  6:15  Stalker  
  61  6:16  Stalker  
  65  6:25  Probe  
  66  6:37  Probe  
  67  6:47  Nexus  
  67  6:49  Probe, Phoenix x2  
  72  6:55  Zealot  
  72  6:56  Zealot  
  72  7:00  Protoss Air Weapons Level 1 (Chrono Boost)  
  77  7:01  Probe  
  77  7:13  Probe  
  66  7:25  Probe  
  63  7:35  Stalker  
  63  7:36  Stalker  
  63  8:03  Stalker x2  
  67  8:06  Probe  
  67  8:09  Pylon  
  67  8:12  Pylon  
  68  8:13  Pylon  
  68  8:18  Probe  
  61  8:30  Probe  
  61  8:33  Phoenix x2  
  66  8:38  Pylon, Fleet Beacon  
  66  8:42  Probe  
  65  8:50  Assimilator  
  65  8:54  Probe, Assimilator  
  66  8:57  Photon Cannon  
  66  8:59  Photon Cannon  
  66  9:01  Stalker x2  
  66  9:02  Photon Cannon  
  70  9:05  Shield Battery  
  70  9:06  Shield Battery  
  70  9:08  Shield Battery  
  70  9:18  Probe  
  71  9:30  Probe  
  72  9:36  Tempest x2  
  72  9:37  Protoss Air Weapons Level 2 (Chrono Boost)  
  82  9:42  Probe  
  82  9:44  Stargate  
  82  9:45  Stargate  
  38  11:03  Photon Cannon  
  34  11:05  Unknown  
  34  11:06  Tempest x4, Photon Cannon  
  49  11:43  Probe (Chrono Boost)  
  50  11:53  Probe (Chrono Boost)  
  51  11:54  Protoss Air Armor Level 1  
  51  11:58  Probe (Chrono Boost)  
  52  12:09  Probe  
  52  12:12  Tempest  
  52  12:13  Tempest  
  63  12:18  Probe  
  63  12:22  Probe  
  65  12:30  Probe, Zealot x2  
  70  12:42  Probe  
Show
View Real Time Build Order
Export as new Build Order

IAmFoggy Zerg 

Build Orders: Pool First 

Get SALT Encoding   

  12  0:02  Drone  
  13  0:13  Drone  
  14  0:32  Overlord  
  14  0:43  Spawning Pool  
  14  0:46  Extractor  
  14  0:47  Drone  
  13  1:26  Drone x2  
  15  1:33  Roach Warren  
  15  1:35  Drone  
  15  1:45  Queen  
  17  1:52  Hatchery  
  16  1:55  Drone x2  
  16  2:00  Zergling x2  
  19  2:40  Roach  
  19  2:43  Overlord  
  19  2:44  Overlord  
  21  3:08  Drone  
  21  3:09  Drone x5  
  27  3:39  Drone x6  
  33  3:42  Queen  
  35  4:12  Drone x4  
  35  4:13  Extractor, Drone  
  35  4:16  Queen  
  41  4:17  Queen  
  43  4:50  Drone  
  44  4:55  Overlord x3  
  44  5:22  Hatchery  
  43  5:52  Roach  
  43  5:53  Roach x11  
  67  6:25  Lair  
  67  6:34  Overlord  
  67  6:35  Overlord  
  67  6:38  Overlord  
  67  6:39  Drone  
  68  6:40  Drone x2  
  43  7:09  Roach  
  43  7:21  Roach x6  
  52  7:39  Roach  
  52  7:40  Roach x5  
  61  8:10  Drone x6  
  67  8:13  Queen  
  69  8:48  Roach  
  69  8:49  Queen  
  71  8:59  Roach  
  71  9:00  Roach x8  
  83  9:04  Ravager  
  83  9:08  Ravager  
  70  9:14  Roach x3  
  71  9:25  Roach  
  71  9:26  Roach x5  
  83  9:55  Extractor  
  83  9:59  Tunneling Claws  
  82  10:05  Extractor  
  78  10:14  Overseer  
  14  11:18  Glial Reconstitution  
  14  11:24  Drone x5  
  19  12:14  Drone x3  
  19  12:15  Drone  
  12  12:58  Overseer  
  12  13:19  Drone x5  
  15  13:20  Drone  
Show
View Real Time Build Order
Export as new Build Order

qqq Zerg - Winner!

Build Orders: Hatch First 

Get SALT Encoding   

  12  0:00  Drone  
  13  0:08  Drone  
  14  0:34  Hatchery  
  13  0:38  Drone  
  14  0:55  Spawning Pool  
  13  1:02  Overlord  
  13  1:06  Drone  
  13  1:10  Extractor  
  13  1:12  Drone  
  14  1:20  Drone  
  15  1:26  Drone  
  16  1:45  Drone  
  17  1:47  Drone  
  18  1:55  Hatchery  
  18  1:58  Drone  
  18  2:03  Drone  
  18  2:08  Drone  
  20  2:20  Drone  
  20  2:22  Zergling x2  
  22  2:24  Queen  
  24  2:31  Metabolic Boost  
  24  2:41  Drone  
  24  2:42  Drone x2  
  27  2:45  Zergling x2  
  27  2:48  Overlord  
  28  3:05  Roach Warren  
  27  3:10  Zergling x4  
  27  3:11  Drone x3  
  32  3:17  Drone  
  33  3:22  Drone  
  33  3:26  Queen  
  36  3:27  Drone  
  36  3:33  Lair  
  37  3:36  Drone  
  37  3:37  Extractor  
  37  3:38  Drone  
  38  3:41  Drone  
  38  3:43  Drone  
  38  3:45  Drone  
  38  3:47  Drone  
  42  3:57  Overlord x2  
  42  4:07  Overlord  
  42  4:10  Overlord  
  42  4:16  Roach x3  
  48  4:17  Roach  
  48  4:18  Roach  
  48  4:19  Drone  
  48  4:21  Drone  
  54  4:26  Queen  
  54  4:29  Roach  
  58  4:33  Glial Reconstitution  
  58  4:35  Roach  
  62  4:38  Roach  
  62  4:41  Roach  
  62  4:44  Roach  
  66  4:47  Overlord  
  66  4:49  Roach  
  66  4:52  Roach  
  70  4:54  Roach  
  70  4:58  Roach  
  74  5:00  Overlord  
  74  5:05  Overlord  
  74  5:10  Roach  
  74  5:11  Roach  
  78  5:18  Drone, Roach  
  78  5:19  Drone  
  78  5:20  Drone, Overlord  
  83  5:21  Drone  
  83  5:23  Drone  
  83  5:26  Roach  
  87  5:30  Roach  
  89  5:39  Drone  
  89  5:40  Evolution Chamber  
  89  5:41  Roach x2  
  89  5:42  Roach  
  95  5:44  Roach x2  
  95  5:47  Roach  
  95  5:49  Roach  
  103  5:53  Drone  
  103  5:54  Drone  
  103  5:56  Overlord  
  105  6:00  Extractor  
  104  6:14  Roach  
  106  6:21  Drone x6  
  106  6:24  Zerg Ground Armor Level 1  
  112  6:31  Roach  
  112  6:32  Overlord x4  
  114  6:40  Extractor  
  113  6:49  Overlord x3  
  113  6:50  Drone x4  
  113  6:51  Drone x2  
  119  7:00  Hatchery  
  104  7:16  Roach x5  
  104  7:17  Roach x6  
  88  7:50  Roach x3  
  89  7:58  Spore Crawler  
  89  7:59  Spore Crawler  
  87  8:07  Drone  
  87  8:08  Drone x2  
  84  8:24  Roach x4  
  84  8:26  Drone x5  
  97  8:34  Spore Crawler  
  96  8:37  Drone  
  96  8:38  Drone x3  
  96  8:40  Roach x2  
  104  8:45  Spore Crawler  
  103  8:50  Extractor  
  103  8:52  Extractor  
  101  8:56  Hatchery  
  101  9:01  Roach x6  
  101  9:02  Drone x2, Roach  
  114  9:03  Drone x2, Roach x2  
  114  9:17  Roach x2  
  114  9:18  Roach x4  
  114  9:19  Drone x3  
  114  9:21  Hatchery  
  128  9:30  Drone x4  
  128  9:31  Drone  
  132  9:33  Hatchery, Roach  
  132  9:34  Roach x2  
  135  9:41  Roach x5  
  135  9:42  Roach  
  135  9:43  Drone x2  
  149  9:53  Drone  
  149  9:59  Spore Crawler  
  140  10:34  Drone x2  
  140  10:35  Drone x3  
  133  10:43  Roach x2  
  133  10:44  Roach x7  
  133  10:45  Drone, Roach x2  
  133  10:46  Drone x2, Roach x2  
  133  10:47  Roach x2  
  156  10:59  Zerg Ground Armor Level 2  
  156  11:08  Roach x2  
  156  11:09  Roach x6  
  156  11:10  Drone x6  
  156  11:11  Drone x3  
  181  11:19  Hydralisk Den  
  181  11:20  Infestation Pit  
  181  11:22  Pneumatized Carapace  
  181  11:24  Evolution Chamber  
  181  11:25  Hatchery  
  177  11:27  Spore Crawler  
  177  11:31  Hatchery  
  175  11:32  Hatchery  
  175  11:33  Hatchery  
  173  11:42  Hatchery  
  173  11:43  Drone x8  
  173  11:44  Drone, Overlord x4  
  173  11:46  Roach  
  183  11:47  Ravager x2  
  183  11:48  Ravager  
  183  11:51  Overlord  
  186  11:56  Overlord  
  186  12:02  Ravager  
  186  12:03  Ravager x6  
  186  12:04  Ravager x7  
  200  12:15  Hive  
  200  12:17  Muscular Augments  
  155  13:29  Roach x6  
  155  13:30  Roach x11  
  155  13:32  Roach x4  
  155  13:33  Roach  
  155  13:34  Zergling x2  
Show
View Real Time Build Order
Export as new Build Order

Massa Terran - Winner!

Build Orders: Gas First Reaper Expand 

Get SALT Encoding   

  12  0:00  SCV  
  13  0:12  SCV  
  14  0:24  SCV, Supply Depot  
  15  0:34  Refinery  
  15  0:45  SCV  
  15  0:47  Barracks  
  16  0:57  SCV  
  17  1:09  SCV  
  18  1:22  SCV  
  19  1:43  Refinery  
  19  1:55  Reaper  
  20  2:02  Command Center  
  19  2:10  Orbital Command  
  19  2:14  Engineering Bay  
  19  2:25  Factory  
  19  2:27  Marine  
  20  2:31  Supply Depot  
  20  2:40  SCV  
  21  2:46  Missile Turret  
  21  2:53  SCV  
  22  3:16  Barracks Tech Lab  
  22  3:33  Orbital Command  
  22  3:34  SCV  
  23  3:41  Command Center  
  23  3:47  SCV  
  24  3:53  Supply Depot  
  24  3:59  SCV  
  24  4:00  Starport  
  25  4:04  Starport  
  28  4:10  Siege Tank  
  28  4:11  SCV  
  28  4:13  Marine  
  30  4:18  Supply Depot  
  30  4:23  SCV  
  31  4:31  Marine  
  31  4:37  SCV x2  
  34  4:49  SCV x2  
  34  4:50  Siege Tank  
  34  4:51  Marine  
  40  4:57  Barracks  
  40  5:01  SCV  
  40  5:02  Refinery  
  40  5:04  Refinery, Orbital Command  
  40  5:06  Refinery  
  41  5:07  Starport Tech Lab  
  41  5:08  Starport Tech Lab  
  41  5:09  Marine  
  42  5:17  Bunker  
  42  5:23  Widow Mine  
  42  5:27  Marine  
  42  5:28  Missile Turret  
  45  5:38  SCV x2  
  45  5:39  SCV  
  48  5:45  Marine  
  49  5:50  SCV  
  49  5:51  SCV  
  51  5:57  Banshee, Viking  
  51  6:01  Cloaking Field  
  56  6:05  Barracks Reactor  
  56  6:12  Barracks Tech Lab  
  56  6:25  Siege Tank  
  59  6:36  Banshee  
  62  6:43  Marine  
  62  6:44  Marine  
  62  6:45  Barracks  
  62  6:46  Barracks  
  64  6:52  Marauder, Stimpack  
  66  6:58  SCV x3  
  69  7:01  Marine  
  69  7:02  Marine  
  71  7:10  SCV x3  
  71  7:13  Marauder  
  76  7:19  Marine  
  76  7:20  Hyperflight Rotors  
  77  7:27  Supply Depot x2  
  77  7:28  Supply Depot x2  
  77  7:29  Supply Depot  
  77  7:30  Supply Depot x2  
  77  7:37  Barracks  
  77  7:48  Banshee, Marine  
  81  8:09  Banshee  
  84  8:27  Orbital Command  
  84  8:28  SCV x2  
  84  8:31  Banshee  
  89  8:38  Corvid Reactor  
  89  8:40  SCV  
  90  8:51  Orbital Command, Banshee  
  90  8:52  SCV  
  94  8:56  SCV  
  95  9:04  Barracks Reactor, SCV  
  95  9:06  Marauder  
  95  9:07  Marine x2  
  95  9:08  SCV  
  101  9:14  Viking, Combat Shield  
  101  9:16  SCV  
  104  9:18  Terran Infantry Armor Level 1  
  104  9:22  Armory  
  104  9:24  Engineering Bay  
  104  9:25  Marine x2  
  104  9:28  Marauder  
  108  9:33  Missile Turret  
  108  9:34  Viking  
  108  9:35  Missile Turret  
  108  9:36  Missile Turret  
  110  9:39  Missile Turret  
  110  9:42  SCV x3, Marine  
  110  9:43  Marine, Missile Turret  
  115  9:49  Marauder  
  117  9:54  SCV  
  117  9:55  Missile Turret  
  118  10:00  Marine  
  118  10:01  Marine  
  120  10:11  Marauder  
  122  10:19  Marine  
  122  10:20  Marine x3  
  126  10:22  Barracks Reactor, Barracks Tech Lab  
  126  10:31  Marine  
  126  10:33  Concussive Shells  
  127  10:37  Marine x4  
  133  10:50  Marauder  
  133  10:59  Marine x3  
  133  11:08  Marine  
  130  11:11  Marauder  
  130  11:17  Marine x2  
  131  11:33  Marauder  
  128  11:54  Refinery  
  128  11:57  Terran Infantry Armor Level 2, Refinery, Terran Infantry Weapons Level 1  
  128  11:59  Terran Vehicle And Ship Armor Level 1  
  128  12:03  Armory  
  128  12:08  SCV x3  
  127  12:11  Command Center  
  128  12:18  Marauder x2  
  128  12:19  Marine  
  133  12:29  Supply Depot  
  133  12:31  Supply Depot x3  
  133  12:32  Supply Depot  
  133  12:33  Supply Depot x4  
  133  12:34  Supply Depot  
  133  12:39  Supply Depot  
  133  12:50  SCV, Marauder x2, Marine x3  
  141  12:52  Marine x3, Thor  
  141  12:53  SCV, Supply Depot  
  141  12:58  Supply Depot x2  
  151  13:08  Marine x3  
  151  13:10  Marine x3  
  151  13:12  Marauder x2  
  161  13:26  Marine x3  
  157  13:28  Marine x3  
  157  13:33  Marauder x2  
  161  13:43  Marine x3  
  161  13:45  Marine  
  161  13:46  Marine  
Tags
 
Add a new tag
Caveats
  • Supply blocks, unpowered buildings, or Contaminate may cause inaccurate times.
  • Supply counts are checked every 10 seconds.